 Dungeon Crawl Stone Soup version 0.28-a0-511-gcc94558de3 (webtiles) character file.

Game seed: 1509260004677956166

24261 Umoon the Victor of a Thousand Battles (level 12, -1/120 HPs)
             Began as a Troll Delver on Sept 21, 2021.
             Was the Champion of Okawaru.
             Slain by Snorg (21 damage)
             ... on level 3 of the Lair of Beasts.
             The game lasted 00:42:59 (13343 turns).

Umoon the Victor of a Thousand Battles (TrDe)      Turns: 13343, Time: 00:43:00

Health: -1/120     AC: 14    Str: 23    XL:     12   Next: 79%
Magic:  19/19      EV:  9    Int:  9    God:    Okawaru [******]
Gold:   904        SH: 10    Dex: 12    Spells: 11/11 levels left

rFire   + . .      SeeInvis .   I - +0 war axe (flame)
rCold   . . .      Faith    .   T - +1 kite shield {AC+3}
rNeg    . . .      Spirit   .   q - +0 fire dragon scales
rPois   .          Reflect  .   a - +1 hat
rElec   .          Harm     .   O - scarf {+Inv}
rCorr   .          Rampage  .   (gloves unavailable)
Will    +....                   (boots unavailable)
Stlth   ..........              b - amulet of regeneration
HPRegen 2.30/turn               X - ring of ice
MPRegen 0.16/turn               G - ring of willpower

@: no status effects
A: large, unfitting armour, claws 3, regeneration 1, shaggy fur 1, tough skin 1
a: Renounce Religion, Evoke Invisibility, Heroism, Finesse, Duel


You were on level 3 of the Lair of Beasts.
You worshipped Okawaru.
Okawaru was exalted by your worship.
You visited 2 branches of the dungeon, and saw 14 of its levels.

You collected 904 gold pieces.

Inventory:

Hand Weapons
 H - a +4 trident of venom
 I - a +0 war axe of flaming (weapon)
Armour
 a - a +1 hat (worn)
 q - +0 fire dragon scales (worn)
 K - a +0 tower shield
 L - +0 steam dragon scales
 O - a scarf of invisibility (worn)
 T - a +1 kite shield of protection (worn)
Jewellery
 b - an amulet of regeneration (around neck)
 u - a ring of protection from fire
 A - a ring of flight
 D - a ring of positive energy
 F - an amulet of the acrobat
 G - a ring of willpower (right claw)
 R - a +6 ring of strength
 X - a ring of ice (left claw)
Wands
 g - a wand of digging (3)
 l - a wand of flame (13)
 B - a wand of iceblast (5)
 E - a wand of polymorph (6)
 M - a wand of acid (2)
 P - a wand of mindburst (29)
Scrolls
 c - 2 scrolls of fog
 e - 3 scrolls of fear
 h - 2 scrolls of identify
 j - a scroll of torment
 k - 3 scrolls of blinking
 r - 3 scrolls of teleportation
 v - 3 scrolls of enchant armour
 w - 2 scrolls of immolation
 x - 3 scrolls of amnesia
 y - 3 scrolls of magic mapping
 J - a scroll of vulnerability
 V - a scroll of silence
 W - a scroll of brand weapon
Potions
 d - 2 potions of resistance {unknown}
 f - 3 potions of haste
 i - 3 potions of attraction {unknown}
 m - 9 potions of curing
 n - 2 potions of mutation
 o - 5 potions of heal wounds {unknown}
 p - a potion of ambrosia {unknown}
 s - 4 potions of lignification
 t - 5 potions of brilliance
 z - a potion of might {unknown}
 C - 3 potions of invisibility
 Q - a potion of cancellation {unknown}


   Skills:
 + Level 8.2 Fighting
 + Level 7.9 Axes
 * Level 0.7 Armour
 - Level 8.0 Dodging
 - Level 2.7 Stealth
 * Level 5.7 Shields
 * Level 10.8 Invocations
 * Level 4.6 Evocations


You had 11 spell levels left.
You didn't know any spells.
Your spell library contained the following spells:

 Spells                   Type           Power      Damage    Failure   Level
 Sting                    Tmut/Pois      0%         1d3       95%         1
 Blink                    Tloc           N/A        N/A       99%         2
 Poisonous Vapours        Pois/Air       0%         N/A       99%         2
 Gell's Gravitas          Tloc           0%         N/A       100%        3
 Portal Projectile        Hex/Tloc       0%         N/A       100%        3
 Teleport Other           Tloc           0%         N/A       100%        3
 Olgreb's Toxic Radiance  Pois           0%         N/A       100%        4
 Blade Hands              Tmut           0%         N/A       100%        5
 Excruciating Wounds      Necr           0%         N/A       100%        5
 Manifold Assault         Tloc           0%         N/A       100%        5
 Dispersal                Tloc           0%         N/A       100%        6
 Storm Form               Tmut/Air       0%         N/A       100%        7


Dungeon Overview and Level Annotations

Branches:
Dungeon (11/15)            Temple (0/1) D:6            Lair (3/6) D:8
 Shoals (0/4) Lair:3          Orc (0/2) D:11
  Snake: Lair:2-4    Spider: Lair:2-4

Altars:
Cheibriados
Dithmenos
Elyvilon
Fedhas
Hepliaklqana
Okawaru
Trog
Uskayaw
Vehumet
Wu Jian
Yredelemnul
The Shining One

Shops:
D:6 !   D:8 *   D:9 *   D:11 (

Annotations:
Lair:3 Snorg


Innate Abilities, Weirdness & Mutations

You are too large for most types of armour.
You have claws for hands.
Your natural rate of healing is unusually fast.
You are covered in fur. (AC +1)
You have tough skin. (AC +1)


Message History

You block Snorg's attack. Snorg claws you but does no damage.
You block Snorg's attack. Snorg closely misses you. Snorg misses you.
Snorg claws you!!
* * * LOW HITPOINT WARNING * * *
Blink to where?
Press: ? - help, Dir - move target, p - Snorg
As you read the scroll of blinking, it crumbles to dust.
You hear a shout!
You hear a shout!
Aiming: Corrosive Bolt
Press: ? - help, Shift-Dir - straight line, f - Snorg
Aim: Snorg (severely wounded, berserk, 74% to hit)
The bolt of acid hits Snorg!!
The acid corrodes Snorg!
Snorg is severely wounded.
Aiming: Iceblast
Press: ? - help, Shift-Dir - straight line, f/p - Snorg
Aim: Snorg (severely wounded, berserk, covered in acid)
The mass of ice explodes!
The iceblast engulfs Snorg!!
Snorg is almost dead.
Aiming: Iceblast
Press: ? - help, Shift-Dir - straight line, f/p - Snorg
Aim: Snorg (almost dead, berserk, covered in acid) That beam is likely to hit you.
Continue anyway?
Okay, then.
Unknown command.
Aiming: Corrosive Bolt
Press: ? - help, Shift-Dir - straight line, f/p - Snorg
Aim: Snorg (almost dead, berserk, covered in acid, 74% to hit)
The bolt of acid hits Snorg!
Snorg seems to be corroded for longer.
Snorg is almost dead.
You block Snorg's attack. Snorg claws you but does no damage.
You block Snorg's attack. Snorg bites you.
* * * LOW HITPOINT WARNING * * *
Snorg claws you but does no damage. You block Snorg's attack.
You closely miss Snorg.
Snorg is almost dead.
Snorg bites you!!
* * * LOW HITPOINT WARNING * * *
Snorg barely misses you. Snorg claws you but does no damage. Snorg bites you!!
You die...

....##...##..#......#
.....#.P.##.##.#...##
....#....##........##
..#.#..#.##..#.....P##
.#.....#..#.##.......#
.##....#....#..#...###
..P.##.#.##..#.P...#
....##...##>.......#
..P.#...>.#....T@#.#
.#..#.D#.##.##.#...#
..#.##.#.##.D....#.#
....##....#.##.#.#.##
.##....#.##.##...../#
.P#.>....#..P.......#
.....#...T.......#.P#
.PP.P#ยง#....P......P#
.#...#...........#..#


You could see Snorg (berserk, corroded) and a six-headed hydra.

Vanquished Creatures
  Fannar (Lair:3)
  2 hydras
  A boulder beetle (D:11)
  Erica (Lair:2)
  2 two-headed ogres
  6 elephants
  A black mamba (Lair:1)
  Maggie (D:9)
  3 cane toads
  2 unseen horrors
  Psyche (D:10)
  6 komodo dragons
  2 trolls (D:10)
  8 blink frogs
  Grinder (D:6)
  Sigmund (D:6)
  5 wyverns
  32 yaks
  A wraith (D:10)
  Eustachio (D:6)
  2 steam dragons
  2 vampire mosquitoes (D:10)
  4 water moccasins
  A sky beast (D:7)
  6 black bears
  2 ice beasts
  A necrophage (D:5)
  6 orc warriors
  3 ogres
  4 wolves (Lair:3)
  3 centaurs
  2 phantoms
  9 bullfrogs
  A kobold brigand (D:6)
  A gnoll sergeant (D:9)
  4 scorpions
  3 killer bees
  8 wights
  4 jellies
  3 howler monkeys
  4 centaur zombies
  A hound (D:6)
  A gnoll shaman (D:9)
  3 orc priests
  4 bullfrog skeletons
  A centaur skeleton (D:7)
  5 iguanas
  A scorpion zombie (D:5)
  3 orc wizards
  A killer bee zombie (D:8)
  A hound skeleton (D:4)
  12 gnolls
  A howler monkey skeleton (D:6)
  13 adders
  A white imp (D:6)
  A worm (D:3)
  2 dart slugs
  34 orcs
  3 bats
  5 endoplasms
  A giant cockroach (D:2)
  10 goblins
  9 hobgoblins
  3 jackals (D:1)
  11 kobolds
  4 quokkas
  6 ball pythons
  4 frilled lizards
  7 rats
  A butterfly (Lair:1)
300 creatures vanquished.

Vanquished Creatures (others)
  21 fungi
  11 plants
32 creatures vanquished.

Grand Total: 332 creatures vanquished

Notes
Turn   | Place    | Note
-------+----------+-------------------------------------------
     0 | D:5      | Umoon the Troll Delver began the quest for the Orb.
     0 | D:5      | Reached XP level 1. HP: 22/22 MP: 0/0
    28 | D:5      | Noticed an ogre
    45 | D:5      | Reached XP level 2. HP: 29/29 MP: 1/1
    89 | D:4      | Reached XP level 3. HP: 36/36 MP: 2/2
   157 | D:4      | Noticed a yak
   158 | D:4      | Noticed a yak
   352 | D:4      | Reached XP level 4. HP: 28/45 MP: 3/3
   468 | D:4      | Reached XP level 5. HP: 49/53 MP: 4/4
  1694 | D:1      | Reached XP level 6. HP: 62/62 MP: 5/5
  2112 | D:4      | Found a bloodstained altar of Trog.
  2113 | D:4      | Found an iron altar of Okawaru.
  2126 | D:4      | Became a worshipper of Warmaster Okawaru
  2289 | D:4      | Noticed a yak
  2289 | D:4      | Noticed a yak
  2290 | D:4      | Noticed a yak
  2290 | D:4      | Noticed a yak
  2322 | D:4      | Killed a yak
  2323 | D:4      | Reached skill level 1 in Invocations
  2323 | D:4      | Reached XP level 7. HP: 45/70 MP: 5/7
  2357 | D:4      | HP: 3/70 [yak (11)]
  2385 | D:4      | Killed a yak
  2385 | D:4      | Reached * piety under Okawaru
  2386 | D:4      | Reached skill level 2 in Invocations
  2463 | D:4      | HP: 1/71 [yak (15)]
  2499 | D:4      | Killed a yak
  2558 | D:4      | Killed a yak
  2559 | D:4      | Reached skill level 3 in Invocations
  2628 | D:4      | Killed a yak
  2629 | D:4      | Reached XP level 8. HP: 79/79 MP: 9/9
  2903 | D:5      | Reached skill level 4 in Invocations
  2911 | D:5      | Reached ** piety under Okawaru
  2919 | D:5      | Reached skill level 5 in Fighting
  3121 | D:5      | Reached skill level 5 in Invocations
  3165 | D:5      | Reached skill level 5 in Dodging
  3479 | D:5      | Reached skill level 5 in Axes
  3479 | D:5      | Reached XP level 9. HP: 35/88 MP: 10/12
  3906 | D:6      | Reached *** piety under Okawaru
  4066 | D:6      | Noticed Eustachio
  4074 | D:6      | Identified the +11 war axe of Wieluant {pain, Fragile rF-
                  | Dex+8 SInv}
  4260 | D:6      | Found a snail-covered altar of Cheibriados.
  4292 | D:6      | Reached skill level 6 in Invocations
  4333 | D:6      | Noticed Sigmund
  4341 | D:6      | Killed Sigmund
  4386 | D:6      | Killed Eustachio
  4475 | D:6      | Noticed Grinder
  4487 | D:6      | Paralysed by Grinder for 6 turns
  4495 | D:6      | Killed Grinder
  4628 | D:6      | Found a staircase to the Ecumenical Temple.
  4774 | D:6      | Found Xuazup's Distillery.
  4847 | D:7      | Noticed a two-headed ogre
  4948 | D:6      | Killed a two-headed ogre
  4948 | D:6      | Reached **** piety under Okawaru
  4949 | D:6      | Reached skill level 7 in Invocations
  5012 | D:7      | Reached XP level 10. HP: 42/98 MP: 14/14
  5056 | D:7      | Found a radiant altar of Vehumet.
  5205 | D:7      | HP: 5/100 [sky beast (5)]
  5463 | D:7      | Found a white marble altar of Elyvilon.
  5486 | D:7      | Found an ornate altar of the Wu Jian Council.
  5658 | D:7      | Found a glowing golden altar of the Shining One.
  5882 | D:8      | Reached skill level 8 in Invocations
  5936 | D:7      | Reached ***** piety under Okawaru
  6007 | D:8      | Found a staircase to the Lair.
  6084 | D:8      | Found Puines's Changing Room.
  6146 | D:8      | Found a shadowy altar of Dithmenos.
  6574 | D:9      | Found a hazy altar of Hepliaklqana.
  6656 | D:9      | Noticed a two-headed ogre
  6670 | D:9      | Killed a two-headed ogre
  7018 | D:9      | Found Hownib Agise's Assorted Antiques.
  7031 | D:9      | Noticed Maggie
  7084 | D:9      | Reached skill level 1 in Shields
  7417 | D:9      | Killed Maggie
  7468 | D:10     | Entered Level 10 of the Dungeon
  7501 | D:10     | Found a blossoming altar of Fedhas.
  7511 | D:10     | Reached skill level 9 in Invocations
  7532 | D:10     | Reached XP level 11. HP: 109/109 MP: 16/16
  7712 | D:10     | Found a hide-covered altar of Uskayaw.
  7743 | D:10     | Received a gift from Okawaru
  8303 | D:10     | Found a basalt altar of Yredelemnul.
  8414 | D:11     | Found Baac's Weapon Boutique.
  8454 | D:11     | Found a staircase to the Orcish Mines.
  8468 | D:11     | Reached skill level 1 in Evocations
  8483 | D:11     | Noticed a five-headed hydra
  9030 | D:11     | Noticed a boulder beetle
  9216 | D:11     | Noticed Psyche
  9254 | D:10     | Killed Psyche
  9521 | D:11     | Killed a boulder beetle
  9637 | D:11     | Killed a one-headed hydra
  9776 | Lair:1   | Entered Level 1 of the Lair of Beasts
 10179 | Lair:1   | Noticed an eight-headed hydra
 10453 | Lair:1   | Killed a one-headed hydra
 10592 | Lair:1   | Reached ****** piety under Okawaru
 10593 | Lair:1   | Reached skill level 10 in Invocations
 10918 | Lair:1   | Received a gift from Okawaru
 10919 | Lair:1   | Reached XP level 12. HP: 45/119 MP: 18/18
 11366 | Lair:2   | Noticed Erica
 11379 | Lair:2   | Killed Erica
 11829 | Lair:1   | Reached skill level 5 in Shields
 12675 | Lair:3   | Found a staircase to the Shoals.
 12794 | Lair:3   | Noticed Snorg
 13086 | Lair:3   | Noticed Fannar
 13126 | Lair:3   | Killed Fannar
 13126 | Lair:3   | Received a gift from Okawaru
 13146 | Lair:3   | Identified a scroll of acquirement
 13147 | Lair:3   | Acquired an amulet of regeneration
 13332 | Lair:3   | Noticed a six-headed hydra
 13343 | Lair:3   | Slain by Snorg

Illustrated notes

Levels and vault maps discovered:
D:1:      eino_arrival_cavern_e, layout_rooms
D:2:      layout_basic
D:3:      layout_basic
D:4:      layout_basic, grunt_temple_overflow_bloody_war
D:5:      layout_basic
D:6:      layout_basic, mainiacjoe_overflow_surrounded_room,
          minmay_temple_entry_enclosed_plants, serial_shops, shop,
          uniq_eustachio, uniq_sigmund, uniq_grinder
D:7:      layout_basic, old_standard_altar, mainiacjoe_overflow_catwalk,
          mainiacjoe_overflow_brackets, nicolae_vehumet_radiance, st_stairs_2
D:8:      layout_basic, grunt_dithmenos_smoke_and_mirrors,
          grunt_lair_entry_orc_guard_hut, serial_corexii_hall,
          corexii_hall_statues_i, corexii_hall_statues_deadend,
          nicolae_transmutations_shop
D:9:      layout_small_grid, mainiacjoe_overflow_tiny_flanked, serial_shops,
          nicolae_shop_overgrown_old_shop, uniq_maggie
D:10:     layout_long_grid, mainiacjoe_overflow_boulevard, marbit_many_paths,
          eat_drink_and_be_merry_uskayaw
D:11:     layout_small_grid, orc_0_dummy, serial_shops, shop, uniq_psyche
Lair:1:   layout_layer_cave, lemuel_fruit_fields, grunt_megastairs_5
Lair:2:   layout_chaotic_city, grunt_megastairs_3, uniq_erica
Lair:3:   layout_long_grid, shoals_dummy_entry, chequers_serial_rivers_large_a,
          minivault_26, uniq_snorg, uniq_fannar

Skill      XL: |  1  2  3  4  5  6  7  8  9 10 11 12 |
---------------+-------------------------------------+-----
Axes           | 2 3 4 5 6 7 |  7.9
Dodging        | 2 3 4 5 6 7 8 |  8.0
Fighting       | 3 4 5 6 7 8 |  8.2
Invocations    | 1 3 5 7 9 10 | 10.8
Shields        | 1 4 5 |  5.7
Evocations     | 3 4 |  4.6
Armour         | |  0.7
Stealth        | |  2.7

Action                   |  1- 3 |  4- 6 |  7- 9 | 10-12 || total
-------------------------+-------+-------+-------+-------++-------
Melee: Unarmed           |    51 |   236 |   307 |       ||   594
       War axe           |       |       |    67 |   777 ||   844
       Trident           |       |       |       |    29 ||    29
Invok: Heroism           |       |       |       |     4 ||     4
Evoke: Wand              |       |       |     4 |    19 ||    23
  Use: Scroll            |     1 |       |     4 |    17 ||    22
       Potion            |       |       |       |     2 ||     2
 Stab: Sleeping          |       |     7 |     4 |     6 ||    17
Armor: Robe              |    13 |    57 |    80 |    33 ||   183
       Steam dragon scal |       |       |       |   315 ||   315
       Fire dragon scale |       |       |       |     6 ||     6
Dodge: Dodged            |    15 |   133 |   187 |   735 ||  1070
Block: Kite shield       |       |       |       |   218 ||   218

Table legend: (Time is in decaauts)
 A = Elapsed time spent in this place.
 B = Non-inter-level travel time spent in this place.
 C = Inter-level travel time spent in this place.
 D = Time resting spent in this place.
 E = Time spent auto-exploring this place.
 F = Levels seen in this place.
 G = Mean time per level.
                   A        B        C        D        E       F      G
               +--------+--------+--------+--------+--------+-----+--------+
         Total |  13512 |  12994 |    518 |   1498 |   6735 |  14 |  965.1 |
       Dungeon |  10033 |   9591 |    442 |    861 |   5408 |  11 |  912.1 |
          Lair |   3478 |   3402 |     76 |    637 |   1327 |   3 | 1159.3 |
               +--------+--------+--------+--------+--------+-----+--------+

Top non-repeatable levels by time:
  Lair:1: 1740 daAuts
     D:4: 1347 daAuts
    D:10: 1224 daAuts
     D:6: 1175 daAuts
    D:11: 1070 daAuts
     D:7: 965 daAuts
  Lair:2: 964 daAuts
     D:8: 942 daAuts
     D:9: 879 daAuts
     D:5: 864 daAuts
  Lair:3: 774 daAuts
     D:2: 630 daAuts
     D:3: 474 daAuts
     D:1: 458 daAuts
